 Dungeon Crawl Stone Soup version 0.31.0-12-g77e489cdc1 (webtiles) character file.

Game seed: 252129022161541043

58 Dvallin the Ruffian (level 4, -5/39 HPs)
             Began as a Naga Shapeshifter on Feb 22, 2024.
             Slain by Terence
             ... wielding a +0 flail
              (9 damage)
             ... on level 2 of the Dungeon.
             The game lasted 00:03:20 (1034 turns).

Dvallin the Ruffian (Naga Shapeshifter)             Turns: 1034, Time: 00:03:20

Health: -5/39      AC:  2    Str: 19    XL:     4   Next: 1%
Magic:  4/4        EV: 10    Int: 10    God:
Gold:   96         SH:  0    Dex: 10    Spells: 3/3 levels left

rFire   . .          .
                       - Unarmed
rCold   . . .        (no shield)
rNeg    . . .        a - +0 animal skin
rPois   +            (helmet currently unavailable)
rElec   .            (cloak currently unavailable)
rCorr   .            (gloves currently unavailable)
SInv    +            (no barding)
Will    .....        (no amulet)
Stlth   +            (no ring)
HPRegen 0.26/turn    (no ring)
MPRegen 0.09/turn

%: no passive effects
@: beast-form, very slow
A: beast (slay +1), AC +1, large, see invisible, deformed body, poison
resistance, slowness 2, spit poison 1, naga tail 1
a: Spit Poison, Begin Untransformation


You were on level 2 of the Dungeon.
You were a hulking beast.
You visited 1 branch of the dungeon, and saw 2 of its levels.

You collected 96 gold pieces.

Inventory:

Armour
 a - a +0 animal skin (worn)
Talismans
 c - a beast talisman
 d - a flux talisman
Scrolls
 e - 3 scrolls of enchant weapon {unknown}
 f - a scroll of teleportation {unknown}
 g - 2 scrolls of amnesia {unknown}
 h - a scroll of noise {unknown}
 j - a scroll of fear {unknown}
Potions
 b - a potion of lignification
 i - a potion of mutation {unknown}
 k - a potion of berserk rage {unknown}


   Skills:
 - Level 2.0 Fighting
 - Level 2.2 Dodging
 + Level 3.5 Unarmed Combat
 + Level 3.3 Shapeshifting


You had 3 spell levels left.
You didn't know any spells.
Your spell library was empty.

Dungeon Overview and Level Annotations

Branches:
Dungeon (2/15)

Altars:

Annotations:
D:2 Terence


Innate Abilities, Weirdness & Mutations

You are a hulking beast.
Your limbs bulge with bestial killing power. (Slay +1)
Your serpentine skin is tough. (AC +1)
You have supernaturally acute eyesight. (SInv)
Armour fits poorly on your strangely shaped body.
Your system is resistant to poisons. (rPois)
You cover ground very slowly.
You can spit poison.
You have a snake-like lower body.


Message History

You hit the ribbon worm.
The ribbon worm is almost dead.
The ribbon worm bites you.
* * * LOW HITPOINT WARNING * * *
You hit the ribbon worm.
You kill the ribbon worm!
Your Fighting skill increases to level 2!
You have reached level 4!
You feel stronger.
Your library has no spells.
You start resting.
HP restored.
Found 5 poisoned darts.
Terence the Incautious comes into view.
He is wielding a +0 flail and wearing a +3 ring mail of poison resistance.
Terence shouts!
Terence moves out of view.
The splash of poison misses Terence.
Okay, then.
You closely miss Terence.
You have got your breath back.
You hit Terence.
Terence is lightly wounded.
Terence hits you with a +0 flail!
You hit Terence.
Terence is lightly wounded.
Terence hits you with a +0 flail!
You closely miss Terence.
Terence is lightly wounded.
Terence hits you with a +0 flail!
You are too injured to fight recklessly!
You are too injured to fight recklessly!
You hit Terence but do no damage.
Terence is lightly wounded.
Terence hits you with a +0 flail!
* * * LOW HITPOINT WARNING * * *
You hit Terence but do no damage.
Terence is lightly wounded.
Terence hits you with a +0 flail!
You die...
Terence says, "That felt goooood."

# ## ### #.#. ..#
#.#.###.# #....##.#
### #..##.#####.#
#..@h.....#.#
##.#.#.##.#.#
#.#(#......#
#.#.#....#.#
.........#.#
#.####..##.#########
.....)..........>..#
#....#..##.###.....#
####.#.........#.#.#


You could see Terence.

Vanquished Creatures
  2 ribbon worms (D:2)
  A dart slug (D:2)
  3 endoplasms
  2 giant cockroaches (D:1)
  5 goblins (D:1)
  2 hobgoblins (D:1)
  10 jackals (D:1)
  2 kobolds
  3 quokkas
  7 ball pythons
  A bat (D:1)
  4 frilled lizards (D:1)
  A rat (D:1)
43 creatures vanquished.

Notes
Turn   | Place    | Note
-------+----------+-------------------------------------------
     0 | D:1      | Dvallin the Naga Shapeshifter began the quest for the Orb.
     0 | D:1      | Reached XP level 1. HP: 18/18 MP: 1/1
    88 | D:1      | Reached XP level 2. HP: 6/25 MP: 2/2
   291 | D:1      | Reached XP level 3. HP: 29/31 MP: 3/3
   902 | D:2      | Reached XP level 4. HP: 11/39 MP: 4/4
  1025 | D:2      | Noticed Terence
  1034 | D:2      | Slain by Terence

Illustrated notes

Levels and vault maps discovered:
D:1:      saegor_arrival_simple_d, layout_rooms
D:2:      layout_basic, uniq_terence

Skill      XL: |  1  2  3 |
---------------+----------+-----
Dodging        | 2 |  2.2
Fighting       | 2 |  2.0
Unarmed Combat | |  3.5
Shapeshifting  | |  3.3

Action                     |  1- 3 |  4- 6 || total
---------------------------+-------+-------++-------
  Melee: Unarmed           |    82 |     6 ||    88
Ability: Spit Poison       |    26 |     1 ||    27
 Armour: Animal skin       |    53 |     5 ||    58
  Dodge: Dodged            |    37 |       ||    37
